 Dungeon Crawl Stone Soup version 0.30-a0-6-g7c9e10e132 (webtiles) character file.

Game seed: 9275264045285900493

629 nickcage the Carver (level 7, -5/56 HPs)
             Began as a Minotaur Gladiator on Aug 22, 2022.
             Slain by Duvessa
             ... wielding a +0 rapier
              (8 damage)
             ... on level 5 of the Dungeon.
             The game lasted 00:10:55 (3535 turns).

nickcage the Carver (Minotaur Gladiator)            Turns: 3535, Time: 00:10:55

Health: -5/56      AC:  8    Str: 21    XL:     7   Next: 23%
Magic:  6/6        EV: 19    Int:  5    God:
Gold:   206        SH:  0    Dex: 11    Spells: 6/6 levels left

rFire   + + .      SeeInvis .    (weapon currently unavailable)
rCold   + + .      Faith    .    (shield currently unavailable)
rNeg    + + +      Spirit   .    (body armour currently unavailable)
rPois   ∞          Reflect  .    (helmet currently unavailable)
rElec   +          Harm     .    (cloak currently unavailable)
rCorr   +          Rampage  .    (gloves currently unavailable)
Will    .....                    (boots currently unavailable)
Stlth   +.........               (amulet currently unavailable)
HPRegen 0.18/turn                (ring currently unavailable)
MPRegen 0.10/turn                (ring currently unavailable)

@: wisp-form (expiring), flying, studying Polearms
A: insubstantial, flying, no casting, tiny, (horns 2), (retaliatory headbutt)
a: no special abilities


You were on level 5 of the Dungeon.
You were an insubstantial wisp.
You visited 1 branch of the dungeon, and saw 6 of its levels.

You collected 206 gold pieces.

Inventory:

Hand Weapons
 a - a +0 long sword
 A - a +0 great sword of electrocution (melded)
Missiles
 d - 3 throwing nets
 e - a javelin
 t - 3 boomerangs (quivered)
Armour
 b - a +0 leather armour
 c - a +1 hat
 j - a +0 chain mail
 x - the +18 Lear's hauberk (melded)
   (You found it on level 3 of the Dungeon)
Jewellery
 h - an amulet of regeneration (melded)
 s - a ring of resist corrosion (melded)
 B - an amulet of guardian spirit
 C - an amulet of the acrobat
Scrolls
 f - 4 scrolls of identify
 i - 2 scrolls of vulnerability
 r - a scroll of fog {unknown}
 v - a scroll of teleportation
 y - a scroll of enchant weapon {unknown}
 D - a scroll of enchant armour
Potions
 g - a potion of degeneration {unknown}
 k - 2 potions of curing
 l - a potion of invisibility {unknown}
 m - a potion of haste {unknown}
 n - 2 potions of heal wounds
 o - a potion of cancellation {unknown}
 p - a potion of magic {unknown}
 q - a potion of attraction {unknown}
 u - a potion of brilliance {unknown}
 w - a potion of might {unknown}
 z - a potion of lignification {unknown}


   Skills:
 - Level 2.4 Fighting
 + Level 10.1 Long Blades
 - Level 2.0 Throwing
 - Level 3.2 Dodging


You had 6 spell levels left.
You didn't know any spells.
Your spell library contained the following spells:

 Spells                   Type           Power      Damage    Failure   Level
 Conjure Flame            Conj/Fire      0%         6-21      85%         3
 Ignite Poison            Fire/Tmut/Pois 0%         N/A       85%         3
 Sticky Flame             Conj/Fire      0%         2d3       99%         4


Dungeon Overview and Level Annotations

Branches:
Dungeon (6/15)             Temple (0/1) D:6

Altars:
Cheibriados
Xom

Shops:
D:6 (

Annotations:
D:4 2 runed translucent doors
D:5 Dowan, Duvessa
D:6 Menkaure


Innate Abilities, Weirdness & Mutations

You are an insubstantial wisp.
Your tiny insubstantial body is highly resistant to most damage types.
You are flying.
Your equipment is entirely melded.
You are incapable of wielding weapons or throwing items.
You cannot cast spells.
((You have a pair of horns on your head.))
((You reflexively headbutt those who attack you in melee.))


Message History

Dowan points at you and mumbles some strange words.
The puff of frost hits you. You resist.
You touch Duvessa but do no damage.
Duvessa is lightly wounded.
Duvessa hits you with a +0 rapier!
You touch Duvessa but do no damage.
Duvessa is lightly wounded.
Dowan closely misses you. Duvessa hits you with a +0 rapier.
You touch Duvessa.
Duvessa is moderately wounded.
Dowan says, "Stay away from my face!"
Dowan casts a spell at you. The puff of frost hits you. You resist.
Duvessa hits you with a +0 rapier. Dowan hits you with a +3 dagger.
Duvessa hits you with a +0 rapier. Dowan barely misses you.
There is an open door here.
Dowan attacks as you move away! Dowan misses you.
Dowan points at Duvessa and mumbles some strange words.
Duvessa seems to speed up.
Duvessa attacks as you move away! Duvessa hits you with a +0 rapier. x2
Duvessa attacks as you move away! Duvessa misses you.
Your transformation is almost over.
Duvessa hits you with a +0 rapier!
* * * LOW HITPOINT WARNING * * *
Duvessa attacks as you move away! Duvessa hits you with a +0 rapier.
* * * LOW HITPOINT WARNING * * *
You are no longer glowing.
Duvessa hits you with a +0 rapier.
* * * LOW HITPOINT WARNING * * *
Dowan gestures wildly while chanting.
Dowan blinks!
Duvessa attacks as you move away! Duvessa misses you.
Duvessa attacks as you move away! Duvessa hits you with a +0 rapier.
* * * LOW HITPOINT WARNING * * *
Duvessa misses you.
Dowan gestures wildly while chanting.
Dowan blinks!
Duvessa barely misses you. Duvessa attacks as you move away!
Duvessa hits you with a +0 rapier!
You die...

###. #.#.# #.#...... ...#
#.#.# #.######.
#...#.#.########.# #..
...#.#..........#####..
####.#...########....##..
#...........# #.##.##..
#.#.##....<.#####.##.###.
#.#.)...#..<......##.....
#....##.v...############.
###.####e##..... #.
#####...##.##..... #.
#.......#....#.... #.
#..........#+###+# #.
#................### #.
###..................# .
#..........[.......#.##
#....#####.[....§.....#


You could see Duvessa (fast).

Vanquished Creatures
  An ogre (D:4)
  A phantom (D:4)
  A scorpion (D:4)
  A hound (D:6)
  An orc priest (D:4)
  An iguana (D:6)
  2 orc wizards
  Natasha (thrice) (D:3)
  7 adders
  5 ufetubi
  2 worms (D:2)
  2 dart slugs (D:1)
  16 orcs
  5 endoplasms
  4 giant cockroaches
  6 goblins
  2 hobgoblins
  11 jackals
  4 quokkas
  6 ball pythons
  4 bats
  A frilled lizard (D:2)
  9 kobolds
  4 rats
99 creatures vanquished.

Vanquished Creatures (others)
  A bat (D:1)
  15 plants (D:2)
16 creatures vanquished.

Grand Total: 115 creatures vanquished

Notes
Turn   | Place    | Note
-------+----------+-------------------------------------------
     0 | D:1      | nickcage the Minotaur Gladiator began the quest for the
                  | Orb.
     0 | D:1      | Reached XP level 1. HP: 18/18 MP: 0/0
    97 | D:1      | Reached skill level 4 in Long Blades
   170 | D:1      | Reached XP level 2. HP: 25/25 MP: 1/1
   539 | D:1      | Reached skill level 5 in Long Blades
   827 | D:2      | Reached XP level 3. HP: 26/30 MP: 2/2
  1447 | D:2      | Reached skill level 6 in Long Blades
  1447 | D:2      | Reached XP level 4. HP: 37/37 MP: 3/3
  1945 | D:3      | Found the +18 Lear's hauberk
  1986 | D:3      | Noticed Natasha
  1992 | D:3      | Killed Natasha
  2122 | D:3      | You fall into a shaft and drop 3 floors!
  2131 | D:6      | Reached skill level 7 in Long Blades
  2131 | D:6      | Reached XP level 5. HP: 42/42 MP: 4/4
  2156 | D:6      | Found Xeekoec's Weapon Emporium.
  2174 | D:6      | Noticed an ice beast
  2201 | D:6      | Noticed Menkaure
  2242 | D:5      | Entered Level 5 of the Dungeon
  2279 | D:5      | Reached skill level 8 in Long Blades
  2405 | D:4      | Reached XP level 6. HP: 50/50 MP: 5/5
  2468 | D:3      | Noticed Natasha
  2478 | D:3      | Killed Natasha
  2481 | D:3      | Found a snail-covered altar of Cheibriados.
  2642 | D:3      | Noticed Natasha
  2649 | D:3      | Killed Natasha
  2829 | D:4      | Reached skill level 9 in Long Blades
  2923 | D:4      | Reached XP level 7. HP: 46/56 MP: 6/6
  2949 | D:4      | Reached skill level 10 in Long Blades
  3063 | D:4      | Found a large runed translucent door.
  3063 | D:4      | Found a large runed translucent door.
  3374 | D:4      | Found a shimmering altar of Xom.
  3508 | D:5      | Noticed Duvessa
  3508 | D:5      | Noticed Dowan
  3531 | D:5      | HP: 2/56 [Duvessa/+0 rapier (1)]
  3535 | D:5      | Slain by Duvessa

Illustrated notes

Levels and vault maps discovered:
D:1:      dpeg_arrival_oval, layout_basic, st_stairs_11
D:2:      layout_basic, serial_forest, infiniplex_forest_clump_long,
          infiniplex_forest_clump_curved, infiniplex_forest_clump_cross,
          infiniplex_forest_clump_large, infiniplex_forest_straight_2,
          infiniplex_forest_clump_cross, infiniplex_forest_zigzag_2,
          hangedman_decor_slide_cut
D:3:      layout_loops_cross, mainiacjoe_overflow_small_starburst, uniq_natasha
D:4:      due_chaos_kobolds, layout_basic
D:5:      dreamdust_elfheim, layout_basic
D:6:      layout_loops_ring, mainiacjoe_overflow_surrounded_room,
          nicolae_temple_entry_ecumenical, serial_shops,
          nicolae_shop_waterfront, uniq_maggie, uniq_menkaure, uniq_eustachio

Skill      XL: |  1  2  3  4  5  6  7 |
---------------+----------------------+-----
Long Blades    | 4 5 6 7 8 9 10 | 10.1
Fighting       | |  2.4
Throwing       | |  2.0
Dodging        | |  3.2

Action                   |  1- 3 |  4- 6 |  7- 9 || total
-------------------------+-------+-------+-------++-------
Melee: Long sword        |    85 |    53 |       ||   138
       Headbutt          |    10 |    20 |     4 ||    34
       Great sword       |       |    90 |    40 ||   130
       Unarmed           |       |       |     5 ||     5
Throw: Boomerang         |     3 |     8 |     2 ||    13
  Use: Scroll            |       |     7 |     4 ||    11
Armor: Leather armour    |    13 |       |       ||    13
       Chain mail        |    43 |   166 |    35 ||   244
Dodge: Dodged            |    49 |   104 |    32 ||   185

Table legend: (Time is in decaauts)
 A = Elapsed time spent in this place.
 B = Non-inter-level travel time spent in this place.
 C = Inter-level travel time spent in this place.
 D = Time resting spent in this place.
 E = Time spent auto-exploring this place.
 F = Levels seen in this place.
 G = Mean time per level.
                   A        B        C        D        E       F      G
               +--------+--------+--------+--------+--------+-----+--------+
         Total |   3585 |   3509 |     76 |    100 |   2504 |   6 |  597.5 |
       Dungeon |   3585 |   3509 |     76 |    100 |   2504 |   6 |  597.5 |
               +--------+--------+--------+--------+--------+-----+--------+

Top non-repeatable levels by time:
     D:2: 1124 daAuts
     D:1: 815 daAuts
     D:4: 714 daAuts
     D:3: 617 daAuts
     D:5: 190 daAuts
     D:6: 124 daAuts
